 Dungeon Crawl Stone Soup version 0.22.1-2-g9c5b331 (webtiles) character file.

25 polve the Slasher (level 2, -1/24 HPs)
             Began as a Demonspawn Abyssal Knight on Dec 25, 2018.
             Was a Follower of Lugonu.
             Slain by a hobgoblin
             ... wielding a +0 club
              (5 damage)
             ... on level 1 of the Dungeon.
             The game lasted 00:00:52 (718 turns).

polve the Slasher (Demonspawn Abyssal Knight)        Turns: 718, Time: 00:00:53

Health: -1/24      AC:  5    Str: 12    XL:     2   Next: 86%
Magic:  3/3        EV: 11    Int: 13    God:    Lugonu [*.....]
Gold:   12         SH:  0    Dex: 12    Spells: 1/1 levels left

rFire    . . .     SeeInvis .   a - +1 falchion
rCold    . . .     Gourm    .   (no shield)
rNeg     . . .     Faith    .   b - +0 leather armour
rPois    .         Spirit   .   (no helmet)
rElec    .         Reflect  .   (no cloak)
rCorr    .         Harm     .   (no gloves)
MR       .....                  (no boots)
Stlth    +.........             (no amulet)
HPRegen  0.08/turn              (no ring)
MPRegen  0.08/turn              (no ring)

@: no status effects
A: thin metallic scales 1
a: Depart the Abyss, Renounce Religion


You were on level 1 of the Dungeon.
You worshipped Lugonu.
Lugonu was aware of your devotion.
You were not hungry.

You visited 1 branch of the dungeon, and saw 1 of its levels.
You visited the Abyss 1 time.

You collected 12 gold pieces.

Inventory:

Hand Weapons
 a - a +1 falchion (weapon)
Armour
 b - a +0 leather armour (worn)
 j - a +0 helmet
Jewellery
 e - an uncursed ring of protection from magic {unknown}
Scrolls
 f - 3 scrolls of identify {unknown}
 i - a scroll of immolation {unknown}
Potions
 d - a potion of magic {unknown}
 h - a potion of heal wounds {unknown}
Comestibles
 c - 2 rations
 g - 6 chunks of flesh


   Skills:
 - Level 3.0 Fighting
 + Level 3.1 Long Blades
 - Level 1.7 Armour
 - Level 0.8 Dodging
 - Level 2.4 Invocations


You had one spell level left.
You didn't know any spells.
Your spell library was empty.

Dungeon Overview and Level Annotations

Branches:
Dungeon (1/15)

Altars:


Innate Abilities, Weirdness & Mutations

You are partially covered in thin metallic scales. (AC +2)


Message History

The hobgoblin barely misses you. The hobgoblin hits you with a club.
The hobgoblin hits you but does no damage.
The hobgoblin hits you but does no damage.
The hobgoblin hits you with a club.
* * * LOW HITPOINT WARNING * * *
The hobgoblin hits you with a club.
* * * LOW HITPOINT WARNING * * *
The hobgoblin closely misses you.
The hobgoblin hits you but does no damage.
The hobgoblin closely misses you.
You riposte.
You closely miss the hobgoblin.
The hobgoblin is moderately wounded.
The hobgoblin hits you but does no damage.
The hobgoblin hits you with a club.
* * * LOW HITPOINT WARNING * * *
The hobgoblin closely misses you. The hobgoblin barely misses you.
You riposte.
You closely miss the hobgoblin.
The hobgoblin is moderately wounded.
The hobgoblin hits you with a club.
You die...

#.# # #.# #)#
### .. ..# #.#
..# ..... #.#
..# .... #.#
..# .....###.#
..# . #.....#
###
...########..#
........###..#
.>....g@.>...#
##....†.####.#
######## #.#
#.. ###


You could see a hobgoblin.

Vanquished Creatures
  An ooze (D:1)
  3 giant cockroaches (D:1)
  2 goblins (D:1)
  2 hobgoblins (D:1)
  3 jackals (D:1)
  3 bats (D:1)
  2 frilled lizards (D:1)
  2 kobolds (D:1)
  3 rats (D:1)
21 creatures vanquished.

Notes
Turn   | Place    | Note
-------+----------+-------------------------------------------
     0 | Abyss:1  | polve the Demonspawn Abyssal Knight began the quest for the
                  | Orb.
     0 | Abyss:1  | Reached XP level 1. HP: 18/18 MP: 2/2
   135 | Abyss:1  | Noticed a lich
   136 | Abyss:1  | Paralysed by a lich for 2 turns
   137 | Abyss:1  | Noticed a death drake
   138 | D:1      | Escaped the Abyss
   324 | D:1      | Gained mutation: You are partially covered in thin metallic
                  | scales. (AC +2) [demonic ancestry]
   324 | D:1      | Reached XP level 2. HP: 24/24 MP: 3/3
   337 | D:1      | Reached * piety under Lugonu
   718 | D:1      | Slain by a hobgoblin

Skill      XL: |  1  2 |
---------------+-------+-----
Long Blades    | 2 3 |  3.1
Fighting       | |  3.0
Armour         | |  1.7
Dodging        | |  0.8
Invocations    | |  2.4

Action                   || total
-------------------------++-------
Melee: Falchion          ||    47
Invok: Depart the Abyss  ||     1
Armor: Leather armour    ||    31
Dodge: Dodged            ||    67
       Rpst.: Falchion   ||    17
